 Dungeon Crawl Stone Soup version 0.16-a0-326-g6f2d4d4 (webtiles) character file.

19107 PolkaDot the Summoner (level 12, -4/74 HPs)
             Began as a Vampire Summoner on Sept 4, 2014.
             Was the Champion of Sif Muna.
             Killed from afar by a manticore (11 damage)
             ... with a volley of spikes
             ... in a volcano.
             The game lasted 01:41:21 (19686 turns).

PolkaDot the Summoner (Vampire Summoner)           Turns: 19686, Time: 01:41:22

HP  -4/74        AC 11     Str  7      XL: 12   Next: 33%
MP   0/34        EV 10     Int 21      God: Sif Muna [******]
Gold 1195        SH  0     Dex 13      Spells:  4 memorised,  1 level left

rFire  . . .     SeeInvis +     O - staff of power
rCold  + . .     Clarity  .     q - +2 troll leather armour (curse)
rNeg   + . .     rCorr    .     (no shield)
rPois  .         rRot     .     (no helmet)
rElec  .         Spirit   +     (no cloak)
SustAb .         Warding  .     (no gloves)
rMut   .         Stasis   .     G - +0 pair of boots
Gourm  .                        e - amulet of guardian spirit
MR     +....                    E - ring of stealth
                                B - ring of teleport control

@: manticore barbs, somewhat resistant to hostile enchantments, fairly stealthy
A: bottle blood, fangs 3, rough black scales 1, see invisible, cold resistance
1, unbreathing
a: Bat Form, Bottle Blood, Channel Energy, Forget Spell, Renounce Religion,
Evoke Teleport Control


You were in a volcano.
You worshipped Sif Muna.
Sif Muna was exalted by your worship.
You were not thirsty.

You visited 3 branches of the dungeon, and saw 17 of its levels.
You also visited: Sewer, Ossuary and Volcano.

You collected 1251 gold pieces.
You spent 56 gold pieces at shops.

Inventory:

Hand weapons
 u - a +0 quarterstaff of draining
Armour
 q - a cursed +2 troll leather armour (worn)
 G - a +0 pair of boots (worn)
Magical devices
 d - a wand of fire (10) {unknown}
 l - a wand of draining (4)
 r - a wand of paralysis (1)
 y - a wand of heal wounds (6) {unknown}
 F - a wand of polymorph (15) {unknown}
 N - a wand of lightning (6) {unknown}
Scrolls
 a - 4 scrolls of blinking
 h - 8 scrolls of remove curse
 j - 4 scrolls of magic mapping
 k - 3 scrolls of recharging
 n - 2 scrolls of fog
 o - 3 scrolls of teleportation
 C - a scroll of fear
 K - a scroll of enchant weapon
Jewellery
 e - an amulet of guardian spirit (around neck)
 s - an uncursed ring of poison resistance
 v - an uncursed ring of protection from cold
 B - a ring of teleport control (left hand)
 E - a ring of stealth (right hand)
Potions
 c - 5 potions of agility
 f - 5 potions of curing
 g - 6 potions of might
 i - 3 potions of flight
 m - 2 potions of resistance
 t - a potion of restore abilities
 w - a potion of invisibility
 x - 2 potions of brilliance
 z - 2 potions of berserk rage
 H - a potion of cure mutation {!q}
 L - a potion of haste
Books
 b - Sif Muna's Compendium of Calling {god gift}
   (Sif Muna gifted it to you on level 1 of the Lair of Beasts)

   Spells                             Type                      Level
   Summon Small Mammal                Summoning                    1
   Forceful Dismissal                 Summoning                    6
   Summon Greater Demon               Summoning                    7
 D - a book of Wizardry

   Spells                             Type                      Level
   Agony                              Necromancy                   5
   Force Lance                        Conjuration                  5
   Dispersal                          Translocation                6
   Haste                              Charms                       6
   Invisibility                       Hexes                        6
   Spellforged Servitor               Conjuration/Summoning        7
 I - a book of the Sky

   Spells                             Type                      Level
   Flight                             Charms/Air                   3
   Airstrike                          Air                          4
   Silence                            Hexes/Air                    5
   Deflect Missiles                   Charms/Air                   6
   Conjure Ball Lightning             Conjuration/Air              6
   Tornado                            Air                          9
 M - a book of Enchantments {god gift}

   Spells                             Type                      Level
   Tukima's Dance                     Hexes                        3
   Cause Fear                         Hexes                        4
   Silence                            Hexes/Air                    5
   Deflect Missiles                   Charms/Air                   6
   Haste                              Charms                       6
   Discord                            Hexes                        8
Magical staves
 J - an uncursed staff of energy
 O - an uncursed staff of power (weapon)


   Skills:
 + Level 4.6 Staves
 - Level 2.1 Dodging
 - Level 3.0 Stealth
 - Level 3.2 Spellcasting
 - Level 11.2 Hexes
 * Level 14.5 Summonings
 - Level 10.2 Ice Magic


You had one spell level left.
You knew the following spells:

 Your Spells              Type           Power        Failure   Level  Hunger
d - Call Canine Familiar  Summ           ######..     1%          3    ###....
g - Summon Guardian Gole  Hex/Summ       ######..     1%          4    ####...
i - Summon Ice Beast      Ice/Summ       ######..     1%          4    ####...
s - Shadow Creatures      Summ           N/A          1%          5    #####..


Dungeon Overview and Level Annotations

Branches:
Dungeon (11/15)            Temple (1/1) D:4             Orc (0/4) D:11
   Lair (5/8) D:10         Shoals (0/5) Lair:3       Spider (0/5) Lair:4

Altars:
Ashenzari
Cheibriados
Elyvilon
Fedhas
Gozag
Kikubaaqudgha
Makhleb
Nemelex Xobeh
Okawaru
Qazlal
Sif Muna
Trog
Xom
Yredelemnul
Zin
The Shining One

Shops:
D:5 :   D:7 *   D:11 !

Portals:
Trove: D:11 (give wand of heal wounds (9))


Innate Abilities, Weirdness & Mutations

You can bottle blood from corpses.
You have razor-sharp teeth.
You have supernaturally acute eyesight.
You can survive without breathing.
You are partially covered in rough black scales (AC +4, Dex -1).
Your flesh is cold resistant.


Message History

* * * LOW HITPOINT WARNING * * *
Your ice beast hits the fire drake but does no damage.
The manticore flicks its tail!
The volley of spikes skewers your ice beast.
Your ice beast dies!
Your ice beast barely misses the manticore.
Drink which item? (? for menu, Esc to quit)
You feel better.
The manticore closely misses your ice beast.
The manticore claws your ice beast. The manticore claws your ice beast!
Your ice beast hits the manticore but does no damage.
Drink which item? (? for menu, Esc to quit)
You feel better. The fire drake breathes flames at you.
The blast of flame hits you!
* * * LOW MAGIC WARNING * * *;
* * * LOW HITPOINT WARNING * * *
Your ice beast hits the fire drake.
Your ice beast freezes the fire drake!
The manticore flicks its tail!
The volley of spikes skewers you!
The barbed spikes become lodged in your body.
You die...

### .....#
##....#
.......#
._......+
......#
####.kYY#
#∩....H%k#
#@# #+# #Y#
##.## #8.8##
..
#....#..≈≈
##.....§§≈§
#.......§§≈
##....≈≈§≈§≈


You could see a manticore, 2 fire drakes and 2 friendly ice beasts.

Vanquished Creatures
  Fannar (Lair:1)
  2 unseen horrors (D:10)
  2 black mambas (Lair:3)
  A two-headed ogre (D:9)
  A blink frog (Lair:2)
  A basilisk (Lair:4)
  5 yaks (Lair:1)
  2 trapdoor spiders (Lair:4)
  4 wolves
  3 water moccasins
  3 hippogriffs
  An ice beast (D:10)
  A sky beast (D:8)
  A phantom (D:6)
  2 black bears (D:11)
  4 porcupines
  A yellow wasp (D:11)
  3 ogres
  3 centaurs
  3 crocodiles
  Sigmund (D:6)
  11 giant frogs
  A wyvern skeleton (D:8)
  3 wights
  7 hounds
  An orc priest (D:8)
  A crimson imp (D:8)
  An orc wizard (D:5)
  6 iguanas
  5 worker ants
  A sheep (Lair:3)
  A big kobold zombie (Ossuary)
  A big kobold skeleton (D:6)
  4 mummies
  11 green rats (Lair:3)
  8 adders
  An inept item mimic (D:6)
  2 shadow imps
  3 worms
  3 adder zombies
  3 orc skeletons
  2 giant geckos
  24 orcs
  A ball python (D:4)
  6 giant cockroaches
  18 hobgoblins
  9 jackals
  7 quokkas
  10 bats
  A giant gecko skeleton (D:7)
  6 giant newts
  8 goblins
  A hobgoblin zombie (Ossuary)
  9 kobolds
  A kobold zombie (D:4)
  An orc zombie (D:4)
  14 rats
  A rat skeleton (D:6)
  2 ballistomycetes (D:8)
240 creatures vanquished.

Vanquished Creatures (collateral kills)
  3 hydras
  A catoblepas (Lair:4)
  An unseen horror (D:8)
  3 hill giants
  A manticore (D:11)
  An ugly thing (D:8)
  4 spiny frogs
  A fire drake (D:10)
  A komodo dragon (Lair:2)
  2 trolls
  2 polar bears (Lair:1)
  12 blink frogs
  A basilisk (Lair:4)
  2 trapdoor spiders (Lair:4)
  A spriggan (Lair:1)
  20 yaks
  A hippogriff (D:9)
  A human (D:7)
  A wyvern (Lair:4)
  A fire bat (Volcano)
  A hungry ghost (D:11)
  10 wolves
  2 water moccasins
  3 ice beasts
  A black bear (D:11)
  An orc warrior (D:9)
  3 ogres
  3 porcupines
  A sky beast (D:11)
  A boring beetle (Lair:5)
  4 crocodiles
  3 centaurs
  A big kobold (Sewer)
  Blork the orc (D:6)
  8 giant frogs
  2 scorpions
  18 killer bees
  17 wights
  A crimson imp (D:8)
  2 goliath beetles
  4 lava snakes
  3 quasits
  A jelly (D:5)
  2 hounds (Lair:4)
  An orc priest (D:5)
  4 orc wizards
  2 iguanas
  19 sheep
  6 worker ants
  An ogre skeleton (D:4)
  6 mummies (Ossuary)
  A gnoll (D:1)
  4 adders
  2 giant mites
  12 green rats
  A worm (D:4)
  2 giant geckos
  7 orcs
  4 ball pythons
  4 bats (D:1)
  A giant cockroach (D:6)
  A gnoll zombie (Ossuary)
  2 goblins
  A hobgoblin (D:1)
  4 jackals
  2 quokkas
  A giant newt (D:1)
  2 hobgoblin zombies (Ossuary)
  9 kobolds
  2 kobold zombies (Ossuary)
  An orc zombie (Ossuary)
  A rat (D:8)
  A fungus (Lair:3)
  A plant (Lair:3)
258 creatures vanquished.

Vanquished Creatures (others)
  A spiny frog (Lair:1)
  2 guardian golems
  7 wolves
  A mottled dragon (Volcano)
  22 ice beasts
  4 crimson imps
  9 hounds
  4 adders
  2 white imps
  2 shadow imps
  2 quokkas
  A giant spore (D:8)
  A rat (D:1)
  A fungus (Lair:1)
  14 toadstools (Lair:5)
73 creatures vanquished.

Grand Total: 571 creatures vanquished

Notes
Turn   | Place    | Note
--------------------------------------------------------------
     0 | D:1      | PolkaDot, the Vampire Summoner, began the quest for the Orb.
     0 | D:1      | Reached XP level 1. HP: 13/13 MP: 3/3
   362 | D:1      | Reached XP level 2. HP: 16/19 MP: 4/4
   441 | D:1      | Learned a level 2 spell: Call Imp
   830 | D:1      | Reached skill level 5 in Summonings
   830 | D:1      | Reached XP level 3. HP: 22/24 MP: 0/6
   893 | D:1      | Learned a level 3 spell: Call Canine Familiar
  2186 | D:2      | Reached XP level 4. HP: 27/30 MP: 7/7
  2670 | D:3      | Reached skill level 6 in Summonings
  2751 | D:3      | Reached XP level 5. HP: 10/35 MP: 1/9
  3724 | D:4      | Found a staircase to the Ecumenical Temple.
  3734 | Temple   | Entered the Ecumenical Temple
  3773 | Temple   | Became a worshipper of Sif Muna the Loreminder
  3878 | D:4      | Found a sand-covered staircase.
  3910 | Ossuary  | Entered an ossuary
  3978 | Ossuary  | Gained mutation: You are partially covered in rough black scales (AC +4, Dex -1). [potion of mutation]
  3978 | Ossuary  | Gained mutation: You are frail (-10% HP). [potion of mutation]
  3978 | Ossuary  | Lost mutation: You are frail (-10% HP). [potion of mutation]
  4047 | Ossuary  | Reached XP level 6. HP: 12/41 MP: 2/12
  4180 | Ossuary  | Learned a level 4 spell: Summon Ice Beast
  4332 | D:4      | Noticed an ogre
  4357 | D:4      | Killed an ogre
  4357 | D:4      | Reached skill level 7 in Summonings
  4357 | D:4      | Reached skill level 1 in Ice Magic
  5271 | D:5      | Entered Level 5 of the Dungeon
  5289 | D:5      | Acquired Sif Muna's first power
  5369 | D:5      | Reached XP level 7. HP: 31/46 MP: 5/14
  5503 | D:5      | Found a bloodstained altar of Trog.
  5570 | D:5      | Found Psanaocw's Book Boutique.
  5587 | D:5      | Got a steaming longbow
  5591 | D:5      | Identified the cursed -2 longbow of the Forgotten Seas {freeze, Dex+4} (You found it on level 5 of the Dungeon)
  6201 | D:6      | Reached skill level 8 in Summonings
  6366 | D:6      | Found a glowing drain.
  6444 | Sewer    | Entered a sewer
  6538 | Sewer    | Acquired Sif Muna's second power
  6562 | Sewer    | Found a white marble altar of Elyvilon.
  6719 | D:6      | Noticed Sigmund
  6730 | D:6      | Killed Sigmund
  6866 | D:6      | Reached skill level 9 in Summonings
  6866 | D:6      | Reached XP level 8. HP: 52/52 MP: 2/16
  6914 | D:6      | Noticed Blork the orc
  6922 | D:6      | Killed Blork the orc
  7235 | D:6      | Found a stormy altar of Qazlal.
  8139 | D:7      | Found Imoipp's General Store.
  8213 | D:7      | Reached skill level 10 in Summonings
  8494 | D:7      | Found a deep blue altar of Sif Muna.
  8527 | D:7      | Reached skill level 5 in Ice Magic
  8558 | D:7      | Identified Sif Muna's Tome of Enhancements
  8920 | D:7      | Bought a +0 quarterstaff for 56 gold pieces
  8938 | D:7      | Found a glowing silver altar of Zin.
  8938 | D:7      | Found a white marble altar of Elyvilon.
  9339 | D:7      | Reached XP level 9. HP: 49/57 MP: 18/18
  9585 | D:7      | Learned a level 4 spell: Summon Guardian Golem
  9665 | D:8      | Noticed a hill giant
  9675 | D:8      | Killed a hill giant
  9675 | D:8      | Acquired Sif Muna's third power
  9802 | D:8      | Noticed an unseen horror
  9818 | D:8      | Killed an unseen horror
 10150 | D:8      | Noticed a red ugly thing
 10159 | D:8      | Killed a red ugly thing
 10159 | D:8      | Reached skill level 11 in Summonings
 10454 | D:9      | Found an iron altar of Okawaru.
 10581 | D:9      | Got an ancient broad axe
 10582 | D:9      | Identified the +10 broad axe of Siygenee {freeze, Str-2 Dex+3} (You found it on level 9 of the Dungeon)
 10808 | D:9      | Reached XP level 10. HP: 56/63 MP: 9/18
 10909 | D:9      | Found a shimmering altar of Xom.
 11178 | D:10     | Entered Level 10 of the Dungeon
 11213 | D:10     | Noticed an unseen horror
 11242 | D:10     | Killed an unseen horror
 11267 | D:10     | Noticed an unseen horror
 11307 | D:10     | Killed an unseen horror
 11307 | D:10     | Reached skill level 10 in Ice Magic
 11386 | D:10     | Found a staircase to the Lair.
 12002 | D:7      | Received a gift from Sif Muna
 12003 | D:7      | Identified Sif Muna's Disquisition on Supportive Curses {god gift} (Sif Muna gifted it to you on level 7 of the Dungeon)
 12331 | D:11     | Noticed a manticore
 12346 | D:11     | Killed a manticore
 12346 | D:11     | Reached skill level 5 in Hexes
 12490 | D:11     | Noticed a hill giant
 12495 | D:11     | Killed a hill giant
 12597 | D:11     | Reached skill level 12 in Summonings
 12601 | D:11     | Found Laloggy's Distillery.
 12649 | D:11     | Found a staircase to the Orcish Mines.
 12748 | D:11     | Noticed a hill giant
 12755 | D:11     | Killed a hill giant
 13045 | D:11     | Noticed a seven-headed hydra
 13062 | D:11     | Killed a seven-headed hydra
 13229 | D:11     | Reached XP level 11. HP: 60/68 MP: 16/20
 13235 | D:11     | Found a portal to a secret trove of treasure.
 13350 | D:11     | Learned a level 5 spell: Shadow Creatures
 13381 | Lair:1   | Entered Level 1 of the Lair of Beasts
 14043 | Lair:1   | Reached skill level 10 in Hexes
 14049 | Lair:1   | Received a gift from Sif Muna
 14050 | Lair:1   | Identified Sif Muna's Compendium of Calling {god gift} (Sif Muna gifted it to you on level 1 of the Lair of Beasts)
 14399 | Lair:1   | Noticed Fannar
 14448 | Lair:1   | Killed Fannar
 14952 | Lair:1   | Reached skill level 1 in Staves
 15138 | Lair:1   | Gained mutation: Your flesh is cold resistant. [potion of beneficial mutation]
 15466 | Lair:2   | Reached skill level 13 in Summonings
 17306 | Lair:3   | Found a staircase to the Shoals.
 17559 | Lair:3   | Reached XP level 12. HP: 48/74 MP: 4/21
 18058 | Lair:4   | Reached skill level 14 in Summonings
 18204 | Lair:4   | Noticed a six-headed hydra
 18220 | Lair:4   | Killed a six-headed hydra
 18220 | Lair:4   | Received a gift from Sif Muna
 18416 | Lair:4   | Found a hole to the Spider Nest.
 18515 | Lair:4   | Noticed a five-headed hydra
 18522 | Lair:4   | Killed a five-headed hydra
 19474 | Lair:5   | Found a dark tunnel.
 19563 | Volcano  | Entered a volcano
 19571 | Volcano  | Identified a scroll of acquirement
 19676 | Volcano  | Found a burning altar of Makhleb.
 19683 | Volcano  | HP: 3/74 [fire drake/blast of flame (21)]
 19686 | Volcano  | Killed from afar by a manticore

Action                   |  1- 3 |  4- 6 |  7- 9 | 10-12 || total
-------------------------+-------+-------+-------+-------++-------
Melee: Unarmed           |    26 |       |       |       ||    26
       Dagger            |   153 |    35 |       |       ||   188
       Short sword       |       |    96 |   263 |       ||   359
       Quarterstaff      |       |       |   141 |   672 ||   813
       Staff             |       |       |       |    20 ||    20
 Cast: Summon Small Mamm |    19 |     3 |       |       ||    22
       Call Imp          |     6 |    19 |     1 |     3 ||    29
       Call Canine Famil |     3 |    16 |    16 |    30 ||    65
       Summon Ice Beast  |       |     6 |    53 |   111 ||   170
       Summon Guardian G |       |       |     3 |    10 ||    13
       Shadow Creatures  |       |       |       |    14 ||    14
Invok: Channel Energy    |       |    17 |    70 |   277 ||   364
 Abil: Bottle Blood      |       |       |    14 |    22 ||    36
       End Transformatio |       |       |     1 |     1 ||     2
       Bat Form          |       |       |     1 |     1 ||     2
Evoke: Wand              |       |     5 |       |       ||     5
  Use: Potion            |     1 |    13 |    20 |    50 ||    84
       Scroll            |       |    14 |    15 |    10 ||    39
 Stab: Sleeping          |     1 |     8 |     8 |    10 ||    27
       Distracted        |       |     5 |     3 |     6 ||    14
       Paralysed         |       |     4 |       |       ||     4
       Invisible         |       |       |       |     3 ||     3
  Eat: Corpse            |    18 |    16 |    30 |    50 ||   114
